TOP OF THE 1ST |
---|
Baffin Island Beavers batting - Pitching for Jersey Shore D-Bags : RHP Roland Martin | Pitching: RHP Roland Martin | | Batting: RHB Alden Isenhood | 0-0: Fly out, F9 (Flyball, 9S) | Batting: RHB Tony Morton | 0-0: Fly out, F9 (Flyball, 89M) | Batting: LHB Lorenzo Villa | 0-0: Ground out 6-3 (Groundball, 6MD) | Top of the 1st over - 0 runs, 0 hits, 0 errors, 0 left on base; Baffin Island 0 - Jersey Shore 0 | BOTTOM OF THE 1ST |
---|
Jersey Shore D-Bags batting - Pitching for Baffin Island Beavers : RHP Luis Féliz | Pitching: RHP Luis Féliz | | Batting: RHB Pat Fullerton | 0-0: Ground out 5-3 (Groundball, 5) | Batting: RHB Ricardo González | 0-0: Ball 1-0: SINGLE (Groundball, 34D) | Batting: RHB Miguel Serna | 0-0: Foul Ball, location: 2F 0-1: Foul Ball, location: 2F 0-2: Strikes out swinging | Batting: LHB António Cedeńo | 0-0: Ball 1-0: Ball 2-0: Ground out 4-3 (Groundball, 4) | Bottom of the 1st over - 0 runs, 1 hit, 0 errors, 1 left on base; Baffin Island 0 - Jersey Shore 0 | TOP OF THE 2ND |
---|
Baffin Island Beavers batting - Pitching for Jersey Shore D-Bags : RHP Roland Martin | Batting: RHB Dave Craig | 0-0: Ball 1-0: Ball 2-0: Swinging Strike 2-1: Ball 3-1: Base on Balls | Batting: LHB Norberto Muńóz | 0-0: Called Strike 0-1: Foul Ball, location: 2F 0-2: Ball 1-2: SINGLE (Groundball, 34D) Dave Craig to second Throwing error, E9 Dave Craig scores Norberto Muńóz to second | Batting: LHB Howard Evans | 0-0: Swinging Strike 0-1: Ball 1-1: Ball 2-1: Ground out U3 (Groundball, 34) Norberto Muńóz to third | Batting: LHB César Valentín | 0-0: Called Strike Balk! Norberto Muńóz scores 0-1: Ball 1-1: Called Strike 1-2: Ground out 4-3 (Groundball, 4) | Batting: RHB Felipe Rivera | 0-0: Ball 1-0: Fly out, F4 (Popup, 34) | Top of the 2nd over - 2 runs, 1 hit, 1 error, 0 left on base; Baffin Island 2 - Jersey Shore 0 | BOTTOM OF THE 2ND |
---|
Jersey Shore D-Bags batting - Pitching for Baffin Island Beavers : RHP Luis Féliz | Batting: LHB Albert Morgan | 0-0: Swinging Strike 0-1: Swinging Strike 0-2: Ball 1-2: Strikes out swinging | Batting: RHB Mike Ingram | 0-0: Fly out, F8 (Flyball, 8LD) | Batting: LHB Ed Murray | 0-0: Ball 1-0: Ball 2-0: Foul Ball, location: 2F 2-1: Ball 3-1: Base on Balls | Batting: RHB Tetsunori Ito | 0-0: Fielders Choice at 2nd, 5-4 (Groundball, 5L) | Bottom of the 2nd over - 0 runs, 0 hits, 0 errors, 1 left on base; Baffin Island 2 - Jersey Shore 0 | TOP OF THE 3RD |
---|
Baffin Island Beavers batting - Pitching for Jersey Shore D-Bags : RHP Roland Martin | Batting: LHB Mike MacFadden | 0-0: Foul Ball, location: 2F 0-1: Ball 1-1: Foul Ball, location: 2F 1-2: Ground out 4-3 (Groundball, 4) | Batting: RHB Alden Isenhood | 0-0: Called Strike 0-1: Ground out 5-3 (Groundball, 56) | Batting: RHB Tony Morton | 0-0: Foul Ball, location: 2F 0-1: Ball 1-1: Foul Ball, location: 2F 1-2: Ground out 6-3 (Groundball, 6M) | Top of the 3rd over - 0 runs, 0 hits, 0 errors, 0 left on base; Baffin Island 2 - Jersey Shore 0 | BOTTOM OF THE 3RD |
---|
Jersey Shore D-Bags batting - Pitching for Baffin Island Beavers : RHP Luis Féliz | Batting: RHB Greg Lee | 0-0: Fly out, F1 (Line Drive, 13) | Batting: RHB Pat Fullerton | 0-0: Ball 1-0: Swinging Strike 1-1: Called Strike 1-2: Strikes out swinging | Batting: RHB Ricardo González | 0-0: Called Strike 0-1: Ball 1-1: Foul Ball, location: 2F 1-2: Ball 2-2: Ball 3-2: Ground out 5-3 (Groundball, 56S) | Bottom of the 3rd over - 0 runs, 0 hits, 0 errors, 0 left on base; Baffin Island 2 - Jersey Shore 0 | TOP OF THE 4TH |
---|
Baffin Island Beavers batting - Pitching for Jersey Shore D-Bags : RHP Roland Martin | Batting: LHB Lorenzo Villa | 0-0: Ball 1-0: Swinging Strike 1-1: Fly out, F8 (Flyball, 89M) | Batting: RHB Dave Craig | 0-0: SINGLE (Line Drive, 3) | Batting: LHB Norberto Muńóz | 0-0: Swinging Strike 0-1: Called Strike Dave Craig steals 2nd base 0-2: Ball 1-2: Strikes out looking | Batting: LHB Howard Evans | 0-0: Called Strike 0-1: Ball 1-1: Ball Wild Pitch! Dave Craig to third 2-1: Foul Ball, location: 2F 2-2: Ground out U3 (Groundball, 3) | Top of the 4th over - 0 runs, 1 hit, 0 errors, 1 left on base; Baffin Island 2 - Jersey Shore 0 | BOTTOM OF THE 4TH |
---|
Jersey Shore D-Bags batting - Pitching for Baffin Island Beavers : RHP Luis Féliz | Batting: RHB Miguel Serna | 0-0: SINGLE (Line Drive, 89S) | Batting: LHB António Cedeńo | 0-0: Foul Ball, location: 2F 0-1: Ball 1-1: Ball 2-1: Called Strike 2-2: Fly out, F9 (Flyball, 9S) | Batting: LHB Albert Morgan | 0-0: Called Strike 0-1: Called Strike 0-2: Ball 1-2: SINGLE (Flyball, 78M) Miguel Serna to second | Batting: RHB Mike Ingram | 0-0: Ball 1-0: Foul Ball, location: 2F 1-1: Called Strike 1-2: Ball 2-2: Grounds into double play, 4-6-3 (Groundball, 4) | Bottom of the 4th over - 0 runs, 2 hits, 0 errors, 1 left on base; Baffin Island 2 - Jersey Shore 0 | TOP OF THE 5TH |
---|
Baffin Island Beavers batting - Pitching for Jersey Shore D-Bags : RHP Roland Martin | Batting: LHB César Valentín | 0-0: Called Strike 0-1: Swinging Strike 0-2: Ball 1-2: Foul Ball, location: 2F 1-2: Ball 2-2: Ground out 4-3 (Groundball, 4) | Batting: RHB Felipe Rivera | 0-0: Ball 1-0: Foul Ball, location: 2F 1-1: Ball 2-1: Called Strike 2-2: Fly out, F7 (Flyball, 7S) | Batting: LHB Mike MacFadden | 0-0: Ball 1-0: Ball 2-0: Foul Ball, location: 2F 2-1: Ball 3-1: Fly out, F9 (Flyball, 89D) | Top of the 5th over - 0 runs, 0 hits, 0 errors, 0 left on base; Baffin Island 2 - Jersey Shore 0 | BOTTOM OF THE 5TH |
---|
Jersey Shore D-Bags batting - Pitching for Baffin Island Beavers : RHP Luis Féliz | Batting: LHB Ed Murray | 0-0: DOUBLE (Groundball, 3L) | Batting: RHB Tetsunori Ito | 0-0: Foul Ball, location: 2F 0-1: Ground out 4-3 (Groundball, 4MD) Ed Murray to third | Batting: RHB Greg Lee | 0-0: Called Strike 0-1: Ball 1-1: Swinging Strike 1-2: Strikes out looking | Batting: RHB Pat Fullerton | 0-0: Ball 1-0: Called Strike 1-1: Ground out 5-3 (Groundball, 56S) | Bottom of the 5th over - 0 runs, 1 hit, 0 errors, 1 left on base; Baffin Island 2 - Jersey Shore 0 | TOP OF THE 6TH |
---|
Baffin Island Beavers batting - Pitching for Jersey Shore D-Bags : RHP Roland Martin | Batting: RHB Alden Isenhood | 0-0: DOUBLE (Line Drive, 7LM) | Batting: RHB Tony Morton | 0-0: Ball 1-0: Ball 2-0: Ground out 4-3 (Groundball, 4M) Alden Isenhood to third | Batting: LHB Lorenzo Villa | 0-0: Called Strike 0-1: Foul Ball, location: 2F 0-2: Ball 1-2: Foul Ball, location: 2F 1-2: Ball 2-2: Foul Ball, location: 2F 2-2: Ball 3-2: Foul Ball, location: 2F 3-2: Fly out, F5 (Line Drive, 5) | Batting: RHB Dave Craig | 0-0: Called Strike 0-1: Ball 1-1: Ball 2-1: DOUBLE (Flyball, 8RXD) Alden Isenhood scores | Batting: LHB Norberto Muńóz | 0-0: Ball 1-0: Ball 2-0: Called Strike 2-1: Swinging Strike 2-2: Strikes out swinging | Top of the 6th over - 1 run, 2 hits, 0 errors, 1 left on base; Baffin Island 3 - Jersey Shore 0 | BOTTOM OF THE 6TH |
---|
Jersey Shore D-Bags batting - Pitching for Baffin Island Beavers : RHP Luis Féliz | Batting: RHB Ricardo González | 0-0: Foul Ball, location: 2F 0-1: Called Strike 0-2: Ground out 5-3 (Groundball, 5) | Batting: RHB Miguel Serna | 0-0: Called Strike 0-1: Reached on error, E6 (Groundball, 6) | Batting: LHB António Cedeńo | 0-0: Ball 1-0: Grounds into double play, 4-6-3 (Groundball, 4) | Bottom of the 6th over - 0 runs, 0 hits, 1 error, 0 left on base; Baffin Island 3 - Jersey Shore 0 | TOP OF THE 7TH |
---|
Baffin Island Beavers batting - Pitching for Jersey Shore D-Bags : RHP Roland Martin | Batting: LHB Howard Evans | 0-0: Called Strike 0-1: SOLO HOME RUN (Flyball, 78XD), Distance : 410 ft | Batting: LHB César Valentín | 0-0: Ball 1-0: Called Strike 1-1: Fly out, F8 (Flyball, 8LD) | Batting: RHB Felipe Rivera | 0-0: Foul Ball, location: 2F 0-1: Fly out, F8 (Flyball, 8LD) | Batting: LHB Mike MacFadden | 0-0: Swinging Strike 0-1: Fly out, F8 (Flyball, 78XD) | Top of the 7th over - 1 run, 1 hit, 0 errors, 0 left on base; Baffin Island 4 - Jersey Shore 0 | BOTTOM OF THE 7TH |
---|
Jersey Shore D-Bags batting - Pitching for Baffin Island Beavers : RHP Luis Féliz | Batting: LHB Albert Morgan | 0-0: Called Strike 0-1: Swinging Strike 0-2: Ball 1-2: Ground out 1-3 (Groundball, P) | Batting: RHB Mike Ingram | 0-0: Called Strike 0-1: Foul Ball, location: 2F 0-2: Ball 1-2: Foul Ball, location: 2F 1-2: Fly out, F7 (Flyball, 78D) | Batting: LHB Ed Murray | 0-0: Ball 1-0: Ground out 4-3 (Groundball, 4) | Bottom of the 7th over - 0 runs, 0 hits, 0 errors, 0 left on base; Baffin Island 4 - Jersey Shore 0 | TOP OF THE 8TH |
---|
Baffin Island Beavers batting - Pitching for Jersey Shore D-Bags : RHP Roland Martin | Batting: RHB Alden Isenhood | 0-0: Ball 1-0: Ball 2-0: Foul Ball, location: 2F 2-1: Ground out 3-1 (Groundball, 34S) | Batting: RHB Tony Morton | 0-0: Ball 1-0: Ground out 5-3 (Groundball, 5L) | Batting: LHB Lorenzo Villa | 0-0: Ball 1-0: Ball 2-0: Ground out 4-3 (Groundball, 4) | Top of the 8th over - 0 runs, 0 hits, 0 errors, 0 left on base; Baffin Island 4 - Jersey Shore 0 | BOTTOM OF THE 8TH |
---|
Jersey Shore D-Bags batting - Pitching for Baffin Island Beavers : RHP Luis Féliz | Batting: RHB Tetsunori Ito | 0-0: Swinging Strike 0-1: Hit by Pitch | Batting: RHB Greg Lee | 0-0: DOUBLE (Groundball, 5L) Tetsunori Ito to third | Batting: RHB Pat Fullerton | 0-0: Fly out, F9 (Flyball, 89D) Runner from 3rd tags up, SCORES, throw made Greg Lee to third | Batting: RHB Ricardo González | 0-0: Swinging Strike 0-1: Called Strike 0-2: Strikes out swinging | Batting: RHB Miguel Serna | 0-0: SINGLE (Groundball, 4MD) Greg Lee scores | Batting: LHB António Cedeńo | 0-0: Ball 1-0: Swinging Strike 1-1: Swinging Strike 1-2: Fielders Choice at 2nd, 5-4 (Groundball, 5) | Bottom of the 8th over - 2 runs, 2 hits, 0 errors, 1 left on base; Baffin Island 4 - Jersey Shore 2 | TOP OF THE 9TH |
---|
Baffin Island Beavers batting - Pitching for Jersey Shore D-Bags : RHP Roland Martin | Batting: RHB Dave Craig | 0-0: Called Strike 0-1: Ball 1-1: Ball 2-1: Foul Ball, location: 2F 2-2: SINGLE (Line Drive, 78S) | Batting: LHB Norberto Muńóz | 0-0: Called Strike 0-1: Ball 1-1: Ball Wild Pitch! Dave Craig to second 2-1: Fly out, F7 (Line Drive, 7) | Batting: LHB Howard Evans | 0-0: Ball 1-0: Called Strike 1-1: SINGLE (Groundball, 56D) Dave Craig to third | Pitching: LHP Gerald Johnson | | Batting: LHB César Valentín | 0-0: Ball 1-0: Called Strike 1-1: Swinging Strike 1-2: Strikes out looking | Batting: RHB Felipe Rivera | 0-0: Ball 1-0: 3-RUN HOME RUN (Flyball, 7D), Distance : 372 ft | Batting: LHB Mike MacFadden | 0-0: Ball 1-0: Called Strike 1-1: Foul Ball, location: 2F 1-2: Strikes out looking | Top of the 9th over - 3 runs, 3 hits, 0 errors, 0 left on base; Baffin Island 7 - Jersey Shore 2 | BOTTOM OF THE 9TH |
---|
Jersey Shore D-Bags batting - Pitching for Baffin Island Beavers : RHP Luis Féliz | Batting: LHB Albert Morgan | 0-0: SINGLE (Line Drive, 89M) | Batting: RHB Mike Ingram | 0-0: Ball 1-0: Fielders Choice at 2nd, 4-6 (Groundball, 4) | Batting: LHB Ed Murray | 0-0: Called Strike 0-1: Swinging Strike 0-2: Ball 1-2: Foul Ball, location: 2F 1-2: Fielders Choice at 2nd, 4-6 (Groundball, 4) | Batting: RHB Tetsunori Ito | 0-0: Called Strike 0-1: Called Strike 0-2: Ball 1-2: Strikes out swinging | Bottom of the 9th over - 0 runs, 1 hit, 0 errors, 1 left on base; Baffin Island 7 - Jersey Shore 2 | |